AoeStats
← KKKabrera

Arabia

510349645Analyzed
2v2 RM · 19h ago on Sep 30, 2026· 58m 18s· 4 players
Game mode
Random Map
Map size
Medium (4 player)
Population
200
Speed
Normal
Resources
Standard
Victory
Conquest
Starting age
Dark Age
Ending age
Imperial Age
RankedLock teamsTeams togetherTeam positionsShared explorationLock speedFull tech treeHidden civsTurbo modeCheats
Victory
Defeat
🇫🇮 Franks · Finland
715
+12
🇨🇱 Spanish · Chile
554
+19
🇺🇸 Goths · United States
640
-16
618
-15
maddogal
2:24 Loom
11:44 Feudal Age
13:25 Man-at-Arms
21:01 Forging
20:51 Scale Mail Armor
33:45 Castle Age
34:08 Double-Bit Axe
34:28 Squires
33:53 Pikeman
Hello, this is scout!
8:26 Loom
11:42 Feudal Age
12:12 Horse Collar
12:20 Double-Bit Axe
17:40 Fletching
23:06 Castle Age
21:29 Padded Archer Armor
23:01 Stone Mining
23:02 Gold Mining
26:53 Ballistics
26:25 Guard Tower
26:31 Murder Holes
26:56 Leather Archer Armor
26:37 Bodkin Arrow
26:47 Elite Skirmisher
27:46 Bow Saw
31:09 Scale Barding Armor
34:32 Stone Shaft Mining
34:41 Wheelbarrow
35:39 Hand Cart
39:52 Husbandry
40:03 Bloodlines
40:49 Thumb Ring
45:46 Chain Barding Armor
45:37 Forging
Perkules
7:48 Loom
10:21 Feudal Age
13:25 Forging
24:01 Castle Age
22:22 Fletching
23:13 Double-Bit Axe
23:56 Scale Barding Armor
25:25 Iron Casting
25:29 Bodkin Arrow
26:17 Wheelbarrow
26:29 Husbandry
26:48 Town Watch
29:30 Hand Cart
30:25 Town Patrol
33:47 Ballistics
34:19 Murder Holes
38:44 Imperial Age
37:13 Squires
36:59 Arson
37:22 Scale Mail Armor
38:36 Ordonnance Companies
40:43 Blast Furnace
41:00 Caravan
42:11 Chemistry
42:52 Elite Throwing Axeman
45:27 Chain Mail Armor
46:10 Siege Engineers
49:13 Plate Mail Armor
KKKabrera
0:51 Loom
13:23 Feudal Age
14:49 Horse Collar
14:59 Double-Bit Axe
15:56 Wheelbarrow
15:51 Town Watch
18:26 Stone Mining
18:29 Gold Mining
19:25 Scale Barding Armor
19:23 Padded Archer Armor
20:13 Fletching
20:33 Forging
24:43 Castle Age
25:55 Bloodlines
28:38 Hand Cart
28:23 Town Patrol
28:54 Murder Holes
29:17 Bow Saw
29:14 Heavy Plow
29:53 Chain Barding Armor
29:29 Bodkin Arrow
30:09 Iron Casting
29:50 Leather Archer Armor
30:03 Fervor
30:28 Husbandry
31:26 Masonry
32:18 Thumb Ring
33:12 Caravan
33:03 Light Cavalry
34:13 Redemption
38:43 Imperial Age
40:32 Chemistry
39:53 Ballistics
40:04 Architecture
42:17 Guilds
41:48 Heavy Mounted Crossbowman
42:33 Bracer
43:33 Blast Furnace
42:13 Cavalier
45:51 Block Printing
47:19 Paladin
48:46 Elite Conquistador
51:52 Ring Archer Armor
51:58 Plate Barding Armor
56:32 Coinage
56:15 Fortified Wall
56:13 Scale Mail Armor
Connection lost

Rejoining the realm…

Still unreachable

The connection could not be restored.

Session expired

The server has moved on; the page needs a fresh start.